 Dungeon Crawl Stone Soup version 0.25-a0-1056-g2efb326896 (webtiles) character file.

Game seed: 10724391020670403893, levelgen mode: deterministic

3091 wullow the Slicer (level 9, -3/72 HPs)
             Began as a Demonspawn Chaos Knight on May 13, 2020.
             Was a Plaything of Xom.
             Slain by a troll (9 damage)
             ... on level 8 of the Dungeon.
             The game lasted 00:19:31 (8142 turns).

wullow the Slicer (Demonspawn Chaos Knight)         Turns: 8142, Time: 00:19:31

Health: -3/72      AC:  9    Str: 18 (20) XL:     9   Next: 59%
Magic:  22/22      EV:  7    Int:  9 (12) God:    Xom [.*....]
Gold:   207        SH:  5    Dex: 13 (14) Spells: 14/14 levels left

rFire    . . .     SeeInvis .   a - +0 short sword (chaos)
rCold    . . .     Gourm    .   s - +0 buckler
rNeg     . . .     Faith    .   M - +2 chain mail "Ejit" {*Corrode +Fly Regen+ Str+4}
rPois    .         Spirit   .   (helmet restricted)
rElec    .         Reflect  .   w - +0 cloak
rCorr    .         Harm     .   l - +0 pair of gloves
MR       ++...                  P - +0 pair of boots
Stlth    ..........             H - amulet of regeneration
HPRegen  1.02/turn              k - ring of protection from magic
MPRegen  0.18/turn              D - ring of magical power

@: no status effects
A: horns 2, deformed body, demonic guardian 2, deterioration 2, dopey 1, magic
resistance 1, strong 1
a: Renounce Religion, Evoke Flight


You were on level 8 of the Dungeon.
You worshipped Xom.
You were a plaything of Xom.
You were very hungry.

You visited 2 branches of the dungeon, and saw 9 of its levels.

You collected 454 gold pieces.
You spent 247 gold pieces at shops.

Inventory:

Hand Weapons
 a - a +0 short sword of chaos (weapon)
 b - a +0 hunting sling
 R - a +4 falchion of freezing
Missiles
 d - 56 bolts
 g - 130 stones (quivered)
 j - 62 sling bullets
 q - 18 poisoned darts
 x - a throwing net
 I - 42 arrows
Armour
 e - a +2 robe of resistance
 l - a +0 pair of gloves (worn)
 s - a +0 buckler (worn)
 u - a +1 helmet
 w - a +0 cloak (worn)
 M - the +2 chain mail "Ejit" (worn) {*Corrode +Fly Regen+ Str+4}
   (You bought it in a shop on level 6 of the Dungeon)

   It affects your strength (+4).
   It lets you fly.
   It increases your rate of regeneration.
   It may corrode you when you take damage.
 P - a +0 pair of boots (worn)
Jewellery
 k - a ring of protection from magic (left hand)
 A - an uncursed ring of fire
 D - a ring of magical power (right hand)
 H - an amulet of regeneration (around neck)
Wands
 O - a wand of paralysis (9)
Scrolls
 f - 9 scrolls of identify
 i - a scroll of fear
 o - 11 scrolls of remove curse
 y - 6 scrolls of teleportation
 B - a scroll of enchant weapon {unknown}
 G - 2 scrolls of fog
 J - a scroll of noise {unknown}
 N - a scroll of magic mapping {unknown}
 Q - a scroll of enchant armour {unknown}
Potions
 h - a potion of lignification
 m - 4 potions of flight
 n - 4 potions of curing
 p - a potion of haste {unknown}
 r - a potion of cancellation {unknown}
 t - 2 potions of ambrosia {unknown}
 v - 4 potions of degeneration {unknown}
 z - a potion of might {unknown}
 C - a potion of stabbing {unknown}
 E - a potion of mutation {unknown}
 F - a potion of berserk rage {unknown}
 K - a potion of brilliance {unknown}
 L - 2 potions of magic {unknown}
Comestibles
 c - 14 rations


   Skills:
 + Level 7.6 Fighting
 * Level 9.5 Short Blades
 - Level 2.0 Armour
 - Level 1.0 Dodging
 - Level 4.0 Shields
 - Level 3.0 Spellcasting


You had 14 spell levels left.
You didn't know any spells.
Your spell library contained the following spells:

 Spells                   Type           Power        Failure   Level  Hunger
 Animate Skeleton         Necr           N/A          99%         1    ##.....
 Apportation              Tloc           #.....       99%         1    ##.....
 Corona                   Hex            #......      99%         1    ##.....
 Sandblast                Erth           #.....       99%         1    ##.....
 Summon Small Mammal      Summ           #...         99%         1    ##.....
 Passwall                 Tmut/Erth      #.......     99%         2    ###....
 Stone Arrow              Conj/Erth      #.....       100%        3    ####...
 Petrify                  Tmut/Erth      #.......     100%        4    #####..
 Lee's Rapid Deconstruct  Erth           #.........   100%        5    ######.


Dungeon Overview and Level Annotations

Branches:
Dungeon (8/15)             Temple (1/1) D:7
   Lair: D:8-11

Altars:
Ashenzari
Cheibriados
Dithmenos
Elyvilon
Fedhas
Gozag
Kikubaaqudgha
Makhleb
Nemelex Xobeh
Okawaru
Qazlal
Ru
Sif Muna
Trog
Uskayaw
Vehumet
Wu Jian
Xom
Yredelemnul
Zin
The Shining One

Shops:
D:6 }([


Innate Abilities, Weirdness & Mutations

You have a pair of horns on your head.
A demonic guardian rushes to your aid.
Armour fits poorly on your strangely shaped body.
Your body often deteriorates upon taking damage.
You are dopey. (Int -2)
You are resistant to hostile enchantments. (MR+)
Your muscles are strong. (Str +2)


Message History

t - Shout!
Orders for allies: a - Attack new target. r - Retreat! s - Stop attacking. g - Guard the area. f - Follow me.
Anything else - Cancel.
Gang up on whom?
Press: ? - help, Dir - move target cursor, f - troll
Aim: a troll Attack!
Your orange demon stings the troll from afar.
The troll looks as sick as possible!
Your orange demon poisons the troll!
The troll bites you!
* * * LOW HITPOINT WARNING * * *
The troll barely misses you. The troll claws you!
* * * LOW HITPOINT WARNING * * *
Your orange demon stings the troll from afar!
The troll bites you.
* * * LOW HITPOINT WARNING * * *
The troll claws you!
You die...

#........##.#
#........####
#...........#
##.......##.#
##......##.#
#.........# #
#......##..##.#
####'### ....#
#....@.##....#
#...4.T......#
#............#
#......##...##
#....... ####
##......#
########


You could see a troll (very poisoned) and a friendly orange demon (summoned).

Vanquished Creatures
  A two-headed ogre (D:7)
  A water moccasin (D:7)
  A hornet zombie (D:8)
  An orc warrior (D:8)
  A phantom (D:6)
  A bullfrog (D:7)
  A wyvern zombie (D:8)
  2 scorpions
  A wight (D:8)
  A centaur zombie (D:5)
  A howler monkey (D:7)
  2 crimson imps (D:7)
  A bullfrog zombie (D:3)
  Crazy Yiuf (D:2)
  3 orc priests
  3 orc wizards (D:5)
  2 worker ants (D:4)
  A killer bee zombie (D:7)
  A hound skeleton (D:4)
  2 mummies (D:8)
  Robin (D:2)
  A worker ant zombie (D:6)
  6 adders
  3 gnolls (D:2)
  A shadow imp (D:6)
  An adder zombie (D:8)
  5 worms
  5 dart slugs
  4 leopard geckos
  20 orcs
  2 giant cockroaches (D:2)
  14 goblins
  12 hobgoblins
  3 jackals (D:3)
  4 kobolds
  4 quokkas
  2 ball pythons (D:4)
  2 bats (D:2)
  8 frilled lizards
  4 rats
  A fungus (D:2)
  A plant (D:7)
132 creatures vanquished.

Vanquished Creatures (collateral kills)
  An oklob plant (D:7)
  An orb spider (shapeshifter) (D:3)
  A naga (shapeshifter) (D:6)
  Menkaure (D:6)
  An ice beast (D:5)
  An orc warrior (D:7)
  A slave (D:6)
  A sky beast (D:5)
  A tengu (D:6)
  A centaur (D:5)
  A bullfrog (D:7)
  2 scorpions
  5 howler monkeys (D:7)
  2 crimson imps (D:7)
  A hound (D:6)
  3 worker ants
  6 orcs
  2 plants (D:7)
32 creatures vanquished.

Vanquished Creatures (others)
  A spriggan (shapeshifter) (D:7)
  A sky beast (D:6)
2 creatures vanquished.

Grand Total: 166 creatures vanquished

Notes
Turn   | Place    | Note
-------+----------+-------------------------------------------
     0 | D:1      | wullow the Demonspawn Chaos Knight began the quest for the
                  | Orb.
     0 | D:1      | Reached XP level 1. HP: 18/18 MP: 1/1
    25 | D:1      | Reached skill level 1 in Dodging
   224 | D:1      | XOM: divination: detect creatures
   378 | D:1      | XOM: noise
   446 | D:1      | Reached skill level 3 in Short Blades
   446 | D:1      | Gained mutation: A weak demonic guardian rushes to your
                  | aid. [demonic ancestry]
   446 | D:1      | Reached XP level 2. HP: 22/24 MP: 2/2
   496 | D:1      | XOM: divination: magic mapping
   659 | D:1      | XOM: noise
   822 | D:2      | XOM: enchant monster (bad)
  1108 | D:2      | Gained mutation: A demonic guardian rushes to your aid.
                  | [demonic ancestry]
  1108 | D:2      | Reached XP level 3. HP: 29/29 MP: 3/3
  1329 | D:2      | XOM: confuse monster(s)
  1453 | D:2      | XOM: scenery: 3 doors open
  1637 | D:2      | Reached XP level 4. HP: 36/36 MP: 4/4
  1711 | D:2      | XOM: cloud trail
  1756 | D:2      | Noticed Robin
  1763 | D:2      | XOM: swap monsters
  1767 | D:2      | Killed Robin
  1767 | D:2      | Reached skill level 4 in Short Blades
  1767 | D:2      | Reached skill level 1 in Shields
  2123 | D:2      | XOM: god gift: 16 gold pieces
  2484 | D:2      | Reached XP level 5. HP: 42/42 MP: 5/5
  2849 | D:2      | Found a runed translucent door.
  2850 | D:2      | Noticed Crazy Yiuf
  2866 | D:2      | Killed Crazy Yiuf
  2938 | D:2      | XOM: give mutation
  2938 | D:2      | Gained mutation: You have supernaturally acute eyesight.
                  | (SInv) [Xom's mischief]
  3101 | D:3      | XOM: confuse monster(s)
  3164 | D:3      | XOM: god gift: 12 gold pieces
  3245 | D:3      | XOM: 1-stop teleportation journey
  3366 | D:3      | XOM: potion effect (brilliance)
  3481 | D:3      | Noticed a glowing shapeshifter
  3481 | D:3      | a giant cockroach changed into a glowing shapeshifter
  3481 | D:3      | XOM: confuse monster(s)
  3481 | D:3      | Noticed a death drake
  3481 | D:3      | a glowing shapeshifter changed into a death drake
  3482 | D:3      | Noticed a jumping spider
  3482 | D:3      | a death drake changed into a jumping spider
  3485 | D:3      | Noticed an orb spider
  3485 | D:3      | a jumping spider changed into an orb spider
  3487 | D:3      | XOM: potion effect (might)
  3491 | D:3      | Killed an orb spider
  3491 | D:3      | Reached skill level 5 in Short Blades
  3491 | D:3      | Reached XP level 6. HP: 49/49 MP: 6/6
  3912 | D:3      | Found an ancient bone altar of Kikubaaqudgha.
  3912 | D:3      | Found a white marble altar of Elyvilon.
  4030 | D:3      | XOM: scenery: create altars
  4293 | D:4      | XOM: smoke on damage
  4332 | D:4      | XOM: cloud trail
  4463 | D:4      | XOM: silly message
  4492 | D:4      | XOM: smoke on damage
  4504 | D:4      | Reached XP level 7. HP: 17/55 MP: 7/7
  4710 | D:4      | XOM: 5-stop teleportation journey
  5062 | D:4      | XOM: god gift: scroll labeled HYSTAM UNAXIU {god gift}
  5098 | D:4      | XOM: 3-stop teleportation journey
  5233 | D:5      | Entered Level 5 of the Dungeon
  5312 | D:5      | XOM: 5-stop teleportation journey
  5366 | D:5      | Reached skill level 1 in Spellcasting
  5430 | D:5      | XOM: enchant monster (good)
  5461 | D:5      | Reached skill level 5 in Fighting
  5471 | D:5      | Reached skill level 6 in Short Blades
  5625 | D:5      | XOM: 8-stop teleportation journey
  5773 | D:5      | XOM: 2-stop teleportation journey
  5881 | D:5      | XOM: give mutations
  5881 | D:5      | Gained mutation: You are frail. (-10% HP) [Xom's mischief]
  5881 | D:5      | Gained mutation: You are dopey. (Int -2) [Xom's mischief]
  6324 | D:6      | Found Moil's Gadget Emporium.
  6329 | D:6      | Found Coamnoirhe's Antique Weapon Emporium.
  6329 | D:6      | Found Vaethriez's Antique Armour Shoppe.
  6329 | D:6      | XOM: 3-stop teleportation journey
  6330 | D:6      | Noticed Edmund
  6346 | D:6      | Gained mutation: You have a pair of small horns on your
                  | head. [demonic ancestry]
  6346 | D:6      | Reached XP level 8. HP: 54/55 MP: 11/11
  6369 | D:6      | Noticed Edmund
  6369 | D:6      | Edmund changed into Edmund the shapeshifter
  6369 | D:6      | Edmund the shapeshifter changed into Edmund the black bear
  6457 | D:6      | XOM: enchant monster (good)
  6587 | D:6      | Bought a bloodstained chain mail for 247 gold pieces
  6597 | D:6      | Identified the +2 chain mail "Ejit" {*Corrode +Fly Regen+
                  | Str+4} (You bought it in a shop on level 6 of the Dungeon)
  6646 | D:6      | Noticed Pikel
  6648 | D:6      | XOM: polymorph orange demon -> rust devil
  6651 | D:6      | Noticed Menkaure
  6655 | D:6      | Noticed Pikel
  6655 | D:6      | Pikel changed into Pikel the tengu
  6656 | D:6      | Killed Pikel the tengu
  6683 | D:6      | Killed Menkaure
  6734 | D:6      | XOM: give mutations
  6734 | D:6      | Gained mutation: Your muscles are strong. (Str +2) [Xom's
                  | mischief]
  6734 | D:6      | Gained mutation: Your body sometimes deteriorates upon
                  | taking damage. [Xom's mischief]
  6734 | D:6      | Lost mutation: You are frail. (-10% HP) [Xom's mischief]
  6861 | D:6      | XOM: give mutations
  6861 | D:6      | Gained mutation: Your muscles are very strong. (Str +4)
                  | [Xom's mischief]
  6861 | D:6      | Lost mutation: Your muscles are very strong. (Str +4)
                  | [Xom's mischief]
  6861 | D:6      | Gained mutation: You have a pair of horns on your head.
                  | [Xom's mischief]
  6945 | D:7      | Reached skill level 7 in Short Blades
  6982 | D:7      | Noticed a shapeshifter
  6982 | D:7      | an orc priest changed into a shapeshifter
  6983 | D:7      | Noticed a fire crab
  6983 | D:7      | a shapeshifter changed into a fire crab
  6984 | D:7      | Noticed a wind drake
  6984 | D:7      | a fire crab changed into a wind drake
  7056 | D:7      | Reached skill level 8 in Short Blades
  7067 | D:7      | Found a hide-covered altar of Uskayaw.
  7068 | D:7      | Found a staircase to the Ecumenical Temple.
  7068 | D:7      | Found a burning altar of Makhleb.
  7069 | D:7      | Found a radiant altar of Vehumet.
  7111 | D:7      | Reached XP level 9. HP: 70/71 MP: 13/13
  7339 | D:7      | Found a blossoming altar of Fedhas.
  7353 | D:7      | Noticed an oklob plant
  7382 | D:7      | XOM: confusion
  7388 | D:7      | Killed an oklob plant
  7455 | D:7      | Found a stormy altar of Qazlal.
  7474 | D:7      | XOM: give mutations
  7474 | D:7      | Gained mutation: You are resistant to hostile enchantments.
                  | (MR+) [Xom's mischief]
  7474 | D:7      | Gained mutation: Armour fits poorly on your strangely
                  | shaped body. [Xom's mischief]
  7474 | D:7      | Lost mutation: You have supernaturally acute eyesight.
                  | (SInv) [Xom's mischief]
  7474 | D:7      | Gained mutation: Your body often deteriorates upon taking
                  | damage. [Xom's mischief]
  7498 | D:7      | Noticed a two-headed ogre
  7515 | D:7      | Killed a two-headed ogre
  7515 | D:7      | Reached skill level 9 in Short Blades
  7523 | D:7      | XOM: confusion (+ monsters)
  7695 | Temple   | Entered the Ecumenical Temple
  7926 | D:8      | XOM: noise
  7934 | D:8      | XOM: fog
  7939 | D:8      | XOM: scenery: create altars
  8045 | D:8      | XOM: confuse monster(s)
  8096 | D:8      | Noticed a troll
  8142 | D:8      | Slain by a troll

Illustrated notes

Levels and vault maps discovered:
D:1:      evilmike_arrival_home_sweet_home, layout_loops_cross,
          minmay_stone_trees_medium, chequers_serial_rivers_micro_d
D:2:      layout_basic, first_ration, minmay_tall_x, uniq_robin,
          uniq_crazy_yiuf_cottage
D:3:      layout_basic, gammafunk_temple_overflow_wave
D:4:      layout_basic
D:5:      layout_basic
D:6:      layout_rooms, serial_shops, shop_fountains, shop, shop, uniq_edmund,
          uniq_pikel, uniq_menkaure
D:7:      layout_rooms, chequers_temple_overflow_statue_of_worship,
          temple_statues, basic_altar, tgw_fedhas
D:8:      layout_gridville, marbit_many_paths, serial_undead, serial_undead_f,
          serial_undead_b, serial_undead_e, serial_undead_a, serial_undead_e,
          serial_undead_f, serial_undead_c, hangedman_ranch
          [blue_anna_fruit_fields]
Temple:   eino_temple_scatter_basement

Skill      XL: |  1  2  3  4  5  6  7  8  9 |
---------------+----------------------------+-----
Dodging        | 1 |  1.0
Short Blades   | 3 4 5 6 8 9 |  9.5
Armour         | 2 |  2.0
Shields        | 1 3 4 |  4.0
Fighting       | 4 5 6 7 |  7.6
Spellcasting   | 2 3 |  3.0

Action                   |  1- 3 |  4- 6 |  7- 9 || total
-------------------------+-------+-------+-------++-------
Melee: Short sword       |   114 |   238 |   363 ||   715
       Headbutt          |       |       |    65 ||    65
  Use: Scroll            |     5 |       |     3 ||     8
       Potion            |     2 |     3 |       ||     5
 Stab: Confused          |     2 |     1 |       ||     3
       Paralysed         |       |       |     2 ||     2
       Petrifying        |       |       |     1 ||     1
  Eat: Chunk             |     2 |     9 |    11 ||    22
Armor: Ring mail         |    42 |    72 |    43 ||   157
       Leather armour    |     1 |       |       ||     1
       Chain mail        |       |       |    77 ||    77
Dodge: Dodged            |    48 |    96 |    79 ||   223
Block: Buckler           |     1 |    32 |    55 ||    88

Table legend:
 A = Non-vault XP
 B = Vault XP
 C = Vault XP percentage of total XP
 D = Non-vault monster count
 E = Vault monster count
 F = Vault count percentage of total count
                 A         B        C        D         E       F
            +---------+---------+-------+---------+---------+-------
      Total |    3445 |     971 |  22.0 |     135 |      26 |  16.1
            +---------+---------+-------+---------+---------+-------
        D:1 |      19 |       0 |   0.0 |      10 |       0 |   0.0
        D:2 |     138 |      83 |  37.6 |      26 |      16 |  38.1
        D:3 |     452 |       0 |   0.0 |      20 |       0 |   0.0
        D:4 |     118 |       0 |   0.0 |      14 |       0 |   0.0
        D:5 |     571 |       0 |   0.0 |      20 |       0 |   0.0
        D:6 |     324 |     271 |  45.5 |      11 |       3 |  21.4
        D:7 |    1687 |     305 |  15.3 |      31 |       1 |   3.1
        D:8 |     136 |     312 |  69.6 |       3 |       6 |  66.7
            +---------+---------+-------+---------+---------+-------
